 Dungeon Crawl Stone Soup version 0.29-a0-495-g17b79114eb (console) character file.

Game seed: 6892919049127284113

20318 om the Cleaver (level 12, -9/168 HPs)
             Began as a Minotaur Berserker on May 27, 2022.
             Was a High Priest of Trog.
             Mangled by a minotaur
             ... wielding a +3 long sword of holy wrath
              (15 damage)
             ... in a Gauntlet.
             The game lasted 00:36:51 (16379 turns).

om the Cleaver (Minotaur Berserker)                Turns: 16379, Time: 00:36:52

Health: -9/168     AC: 18    Str: 33    XL:     12   Next: 44%
Magic:  9/9        EV: 14    Int:  7    God:    Trog [*****.]
Gold:   372        SH:  0    Dex: 18    Spells: 11/11 levels left

rFire   . . .      SeeInvis .   a - +0 war axe
rCold   + + .      Faith    .   (no shield)
rNeg    . . .      Spirit   .   s - +1 chain mail {rC+}
rPois   +          Reflect  .   n - +1 hat {Int+3}
rElec   .          Harm     .   (no cloak)
rCorr   .          Rampage  .   z - +2 pair of gloves of Cegoalae {*Slow rC+ Str+8}
Will    +....      NoTele   +   F - +0 pair of boots
Stlth   ..........              (no amulet)
HPRegen 0.38/turn               g - +6 ring of dexterity
MPRegen 0.11/turn               h - ring of poison resistance

@: berserking, very quick
A: horns 2, retaliatory headbutt, talons 1, low MP 1, strong-willed 1
a: Renounce Religion, Berserk, Trog's Hand, Brothers in Arms


You were in a Gauntlet.
You worshipped Trog.
Trog was extremely pleased with you.
You visited 1 branch of the dungeon, and saw 13 of its levels.
You also visited: Sewer and Gauntlet.

You collected 783 gold pieces.
You spent 411 gold pieces at shops.

Inventory:

Hand Weapons
 a - a +0 war axe (weapon)
 b - a +3 hunting sling of flaming
Missiles
 y - 368 stones (quivered)
 H - a throwing net
Armour
 n - a +1 hat of intelligence (worn)
 s - a +1 chain mail of cold resistance (worn)
 z - the +2 pair of gloves of Cegoalae (worn) {*Slow rC+ Str+8}
   (You found it in a Gauntlet)

   Str:       It affects your strength (+8).
   rC:        It protects you from cold.
   *Slow:     It may slow you when you take damage.
 F - a +0 pair of boots (worn)
Jewellery
 e - an amulet of faith
 g - a +6 ring of dexterity (left hand)
 h - a ring of poison resistance (right hand)
 r - a +6 ring of dexterity
 C - a +6 ring of strength
 D - a ring of ice
 J - a +6 ring of dexterity
Wands
 m - a wand of digging (5)
 L - a wand of acid (6)
 M - a wand of iceblast (16)
 N - a wand of polymorph (4)
 O - a wand of paralysis (7)
 Q - a wand of mindburst (1)
Scrolls
 d - 5 scrolls of vulnerability
 i - 4 scrolls of fog
 l - 4 scrolls of summoning
 o - 8 scrolls of teleportation
 v - a scroll of enchant weapon
 w - 8 scrolls of enchant armour
 A - 4 scrolls of blinking
 B - a scroll of torment
 I - 2 scrolls of poison
 K - 2 scrolls of fear {unknown}
Potions
 c - 2 potions of heal wounds
 f - 2 potions of lignification
 j - a potion of berserk rage
 k - 6 potions of brilliance
 p - 2 potions of curing
 q - a potion of cancellation
 t - 2 potions of resistance
 u - a potion of magic
 x - a potion of haste
 E - 2 potions of flight {unknown}
 G - 3 potions of might
 P - a potion of attraction {unknown}


   Skills:
 + Level 12.0 Fighting
 * Level 14.3 Axes
 * Level 11.7 Slings
 + Level 9.8 Armour
 + Level 9.1 Dodging


You had 11 spell levels left.
You didn't know any spells.
Your spell library was empty.

Dungeon Overview and Level Annotations

Branches:
Dungeon (13/15)            Temple (0/1) D:5            Lair (0/6) D:8
    Orc (0/2) D:11          Sewer (visited)         Gauntlet (1/1)
 Vaults: D:13-14

Altars:
Elyvilon
Makhleb
Okawaru
Qazlal
Ru
Sif Muna
Zin

Shops:
D:4 *   D:6 *   D:8 *   D:9 ?

Annotations:
D:10 exclusion: 3 oklob plants Gauntlet 6 transporters


Innate Abilities, Weirdness & Mutations

You have a pair of horns on your head.
You reflexively headbutt those who attack you in melee.
You have sharp toenails.
Your magical capacity is low. (-10% MP)
You are strong-willed. (Will+)


Message History

A red film seems to cover your vision as you go berserk!
You feel yourself moving faster!
You feel mighty! The minotaur misses you. The minotaur completely misses you.
You slash the minotaur! You headbutt the minotaur!!
The minotaur is heavily wounded.
You hit the minotaur but do no damage. You headbutt the minotaur!
The minotaur is severely wounded.
The minotaur hits you with a +3 long sword of holy wrath!!
The minotaur gores you.
You hit the minotaur but do no damage.
The minotaur is heavily wounded.
You hit the minotaur but do no damage.
The minotaur is heavily wounded.
The minotaur hits you with a +3 long sword of holy wrath.
The minotaur barely misses you.
You hit the minotaur but do no damage. You headbutt the minotaur!
The minotaur is severely wounded.
You hit the minotaur. You headbutt the minotaur.
You punch the minotaur, but do no damage.
The minotaur is severely wounded.
The minotaur hits you with a +3 long sword of holy wrath!!
* * * LOW HITPOINT WARNING * * *
The minotaur closely misses you.
You barely miss the minotaur.
The minotaur furiously retaliates!
The minotaur headbutts you!
* * * LOW HITPOINT WARNING * * *
Your headbutt misses the minotaur.
The minotaur is severely wounded.
You hit the minotaur but do no damage.
The minotaur is severely wounded.
The minotaur closely misses you. The minotaur gores you!
* * * LOW HITPOINT WARNING * * *
Unknown command.
You are too berserk!
You closely miss the minotaur.
The minotaur furiously retaliates!
The minotaur headbutts you, but does no damage.
The minotaur is severely wounded.
You hit the minotaur but do no damage.
The minotaur is severely wounded.
The minotaur hits you with a +3 long sword of holy wrath!
You die...

#..#.... #####..#.##.
#≈8≈#..#.##.
#####...#..#©.#.
#...##.8.#..#.##.
#.#.##...#..#.###
#.#....8.#..#.#..
#.#.##...#..#.##. ###+
#...##...#..#####
##..⌠.##.#.##.©.#≈§§....
['⌠...H@.#......#∩.§....
##...∩##.#.##.©.#≈§.....
#.⌠. #...##...#.§#####
##+ #.#.##...#§§#th.b
#.#....8.#..#b##b
#.#.##...#..#.#t.
#...##.8.#..#"#.#
######...#..#©..#
#§8≈#..#=.##
#####..#$.#b #..#.##.


You could see a minotaur.

Vanquished Creatures
  Fannar (D:12)
  A hydra (D:11)
  A hell beast (Gauntlet)
  3 two-headed ogres
  2 death yaks (D:8)
  A deep elf pyromancer (D:12)
  An ugly thing (D:11)
  A cyclops (D:11)
  A shining eye (Gauntlet)
  A moth of wrath (Gauntlet)
  A manticore (D:11)
  A wolf spider (Gauntlet)
  2 gargoyles
  A komodo dragon (D:12)
  An unseen horror (D:12)
  A hornet (D:9)
  4 trolls
  A raiju (shapeshifter) (D:12)
  Grinder (D:6)
  Sigmund (D:2)
  A shadow (D:12)
  16 yaks
  A wraith (D:12)
  2 wyverns
  A basilisk (D:12)
  Eustachio (D:5)
  2 redbacks (Gauntlet)
  5 vampire mosquitoes
  3 acid dragons
  2 hell hounds (Gauntlet)
  2 water moccasins
  2 floating eyes
  4 orc warriors
  An ice beast (D:6)
  An ogre (D:7)
  A black bear (D:4)
  2 sky beasts (D:6)
  5 centaurs
  8 kobold brigands
  2 phantoms
  A bullfrog (D:9)
  6 killer bees (D:9)
  2 howler monkeys
  A jelly (D:6)
  5 hounds
  12 orc priests
  4 iguanas
  11 orc wizards
  9 river rats (Sewer)
  3 adders
  A shadow imp (D:7)
  3 white imps
  2 ufetubi
  3 worms (D:4)
  A dart slug (D:3)
  38 orcs
  15 bats
  5 endoplasms
  3 giant cockroaches
  9 goblins
  10 hobgoblins
  4 jackals (D:2)
  55 kobolds
  4 quokkas
  13 ball pythons
  A frilled lizard (Sewer)
  17 rats
  A bush (D:2)
328 creatures vanquished.

Vanquished Creatures (collateral kills)
  A death yak (D:8)
  A deep elf pyromancer (D:9)
2 creatures vanquished.

Vanquished Creatures (others)
  An orc wizard (D:10)
  A bush (D:10)
  14 plants
16 creatures vanquished.

Grand Total: 346 creatures vanquished

Notes
Turn   | Place    | Note
-------+----------+-------------------------------------------
     0 | D:1      | om the Minotaur Berserker began the quest for the Orb.
     0 | D:1      | Reached XP level 1. HP: 19/19 MP: 0/0
   180 | D:1      | Reached XP level 2. HP: 24/27 MP: 1/1
   235 | D:1      | Reached skill level 4 in Axes
   293 | D:1      | Found a faded altar of an unknown god.
   752 | D:2      | Reached ** piety under Trog
   754 | D:2      | Reached XP level 3. HP: 27/33 MP: 2/2
  1116 | D:2      | Noticed Sigmund
  1123 | D:2      | Killed Sigmund
  1124 | D:2      | Reached skill level 5 in Axes
  1124 | D:2      | Reached XP level 4. HP: 40/40 MP: 3/3
  1124 | D:2      | Reached XP level 5. HP: 46/46 MP: 4/4
  1856 | D:3      | Found a sacrificial altar of Ru.
  1903 | D:3      | Found a burning altar of Makhleb.
  2126 | D:3      | Found a stormy altar of Qazlal.
  2158 | D:3      | Found a white marble altar of Elyvilon.
  2382 | D:3      | Reached skill level 6 in Axes
  2447 | D:4      | Found a glowing silver altar of Zin.
  2498 | D:4      | Noticed a phantom
  2499 | D:4      | Found Xugut's Assorted Antiques.
  2510 | D:4      | Killed a phantom
  2511 | D:4      | Reached XP level 6. HP: 52/52 MP: 5/5
  2543 | D:4      | Bought a scroll labelled UMUAQAKENG for 24 gold pieces
  2629 | D:4      | Reached skill level 7 in Axes
  2923 | D:4      | Reached skill level 8 in Axes
  2923 | D:4      | Reached XP level 7. HP: 59/59 MP: 6/6
  2944 | D:4      | Found a glowing drain.
  2968 | Sewer    | Entered a sewer
  3146 | Sewer    | Reached *** piety under Trog
  3405 | Sewer    | Reached skill level 9 in Axes
  3534 | Sewer    | Reached **** piety under Trog
  4217 | D:5      | Entered Level 5 of the Dungeon
  4243 | D:5      | Reached skill level 11 in Axes
  4243 | D:5      | Reached XP level 8. HP: 73/73 MP: 7/7
  4285 | D:5      | Noticed Eustachio
  4303 | D:5      | Killed Eustachio
  4611 | D:5      | Found a staircase to the Ecumenical Temple.
  4722 | D:6      | Reached XP level 9. HP: 81/81 MP: 8/8
  4905 | D:6      | Noticed Grinder
  4909 | D:6      | Killed Grinder
  4993 | D:6      | Found Anlel's General Store.
  5019 | D:6      | Bought 3 scrolls of identify for 66 gold pieces
  5019 | D:6      | Bought a potion of curing for 33 gold pieces
  5019 | D:6      | Bought a +0 pair of boots for 49 gold pieces
  5758 | D:7      | Reached ***** piety under Trog
  5948 | D:7      | Reached skill level 10 in Fighting
  6542 | D:8      | Reached XP level 10. HP: 93/93 MP: 9/9
  6780 | D:8      | Found Yniyhaf's Lightly-Used Armoury.
  6789 | D:8      | Noticed a death yak
  6820 | D:8      | Killed a death yak
  7155 | D:8      | Noticed a death yak
  7185 | D:8      | Killed a death yak
  7353 | D:8      | Noticed a death yak
  7371 | D:8      | Killed a death yak
  7372 | D:8      | Reached skill level 12 in Axes
  7465 | D:8      | Found a staircase to the Lair.
  8930 | D:9      | Found Yvaar's Magic Scroll Emporium.
  8936 | D:9      | Bought a scroll of blinking for 97 gold pieces
  8936 | D:9      | Bought a scroll of poison for 45 gold pieces
  8936 | D:9      | Bought a scroll of enchant armour for 97 gold pieces
  9045 | D:9      | Reached XP level 11. HP: 101/101 MP: 10/10
  9110 | D:9      | Noticed a two-headed ogre
  9118 | D:9      | Killed a two-headed ogre
  9191 | D:10     | Entered Level 10 of the Dungeon
  9193 | D:10     | Noticed a two-headed ogre
  9264 | D:10     | Noticed a deep elf pyromancer
  9304 | D:9      | Killed a deep elf pyromancer
  9318 | D:10     | HP: 5/101 [kobold/+0 dagger (1)]
 10027 | D:10     | Found a shimmering blue altar of Sif Muna.
 10179 | D:10     | Reached skill level 10 in Slings
 10198 | D:10     | Killed a two-headed ogre
 10324 | D:10     | Reached skill level 13 in Axes
 10616 | D:10     | Found an iron altar of Okawaru.
 10639 | D:10     | Noticed an oklob plant
 11070 | D:10     | Noticed an oklob plant
 11426 | D:10     | Noticed an oklob plant
 12398 | D:11     | Noticed a seven-headed hydra
 12563 | D:11     | Noticed a purple ugly thing
 12570 | D:11     | Killed a purple ugly thing
 13156 | D:11     | Found a staircase to the Orcish Mines.
 13276 | D:11     | Killed an 11-headed hydra
 14044 | D:11     | Reached XP level 12. HP: 40/110 MP: 11/11
 14895 | D:12     | Noticed a two-headed ogre
 14908 | D:12     | Killed a two-headed ogre
 15151 | D:12     | Noticed Fannar
 15169 | D:12     | Killed Fannar
 15170 | D:12     | Reached skill level 14 in Axes
 15628 | D:13     | Found a gate leading to a gauntlet.
 15633 | Gauntlet | Entered a Gauntlet
 15633 | Gauntlet | Found a transporter.
 15633 | Gauntlet | Found a transporter.
 15634 | Gauntlet | Found a transporter.
 15637 | Gauntlet | Found a transporter.
 15647 | Gauntlet | Found a transporter.
 15651 | Gauntlet | Found a transporter.
 15667 | Gauntlet | Found a transporter.
 15668 | Gauntlet | Found a transporter.
 15685 | Gauntlet | Found a transporter.
 15689 | Gauntlet | Found a transporter.
 15700 | Gauntlet | Found a transporter.
 15704 | Gauntlet | Found a transporter.
 15833 | Gauntlet | Noticed a hell beast
 15866 | Gauntlet | Gained mutation: You sometimes lose the ability to read
                  | scrolls when taking damage. [a shining eye]
 15872 | Gauntlet | Gained mutation: Your body sometimes deteriorates upon
                  | taking damage. [a shining eye]
 15913 | Gauntlet | Lost mutation: You sometimes lose the ability to read
                  | scrolls when taking damage. [potion of mutation]
 15913 | Gauntlet | Lost mutation: Your body sometimes deteriorates upon taking
                  | damage. [potion of mutation]
 15913 | Gauntlet | Gained mutation: Your magical capacity is low. (-10% MP)
                  | [potion of mutation]
 15913 | Gauntlet | Gained mutation: You have sharp toenails. [potion of
                  | mutation]
 15913 | Gauntlet | Gained mutation: You are strong-willed. (Will+) [potion of
                  | mutation]
 16026 | Gauntlet | Killed a hell beast
 16206 | Gauntlet | Identified the +2 pair of gloves of Cegoalae {*Slow rC+
                  | Str+8}
 16363 | Gauntlet | Noticed a minotaur
 16368 | Gauntlet | Found the +6 lightning scales {swift, rElec}
 16377 | Gauntlet | HP: 6/168 [minotaur/+3 long sword of holy wrath (13)]
 16379 | Gauntlet | Mangled by a minotaur

Illustrated notes

Levels and vault maps discovered:
D:1:      psy_arrival_dodecagon, layout_loops_ring,
          ebering_ecumenical_altar_ruins
D:2:      layout_loops_ring, serial_forest, infiniplex_forest_clump_tiny,
          infiniplex_forest_lined_2, infiniplex_forest_lined_3_way,
          infiniplex_forest_lined_4_way, infiniplex_forest_join,
          infiniplex_forest_clump_long, infiniplex_forest_clump_double,
          infiniplex_forest_lined_2, uniq_sigmund
D:3:      layout_loops_ring, nicolae_ru_awakened_eye,
          mainiacjoe_overflow_cross_hatched, mainiacjoe_overflow_two_lobes
D:4:      layout_basic, mainiacjoe_overflow_concentric_impassable, serial_shops,
          nicolae_shop_advertising_works [nicolae_subvault_shop_adworks],
          cheibrodos_sewer_entry_bend, st_stairs_4, roderic_batcave,
          serial_bayou_crossing
D:5:      layout_rooms, minmay_temple_entry_drinking_statues, uniq_eustachio
D:6:      layout_cave_pools, serial_shops, shop, grunt_ministairs_12,
          dk_noncrumbling_3, dk_rats_in_the_wall, uniq_grinder
D:7:      layout_rooms, grunt_ogre_cave
D:8:      layout_basic, dpeg_lair_monsters, grunt_ministairs_6,
          minmay_shop_damaged
D:9:      layout_roguey, serial_shops, shop, kennysheep_generic_room_6
D:10:     layout_long_grid, mainiacjoe_overflow_alcove_1,
          mainiacjoe_overflow_alcove_2, corexii_checkpoint_a, minmay_liquid_box,
          disabler_island
D:11:     layout_basic, orc_0_dummy
D:12:     layout_basic, uniq_fannar
D:13:     layout_loops_corners, gauntlet_entry_generic, lemuel_flame_loot_1
Gauntlet: gammafunk_gauntlet_hard_choice [gammafunk_gauntlet_arena_split_x,
          nicolae_gauntlet_arena_blocks, nicolae_gauntlet_arena_quarters,
          gammafunk_gauntlet_arena_grid, gammafunk_gauntlet_arena_crates,
          nicolae_gauntlet_arena_grate_2, gauntlet_exit_hidden_loot]

Skill      XL: |  1  2  3  4  5  6  7  8  9 10 11 12 |
---------------+-------------------------------------+-----
Axes           | 4 5 6 8 11 12 13 14 | 14.3
Fighting       | 4 7 8 10 11 12 | 12.0
Armour         | 4 7 8 9 |  9.8
Dodging        | 3 4 6 7 8 9 |  9.1
Slings         | 7 8 9 10 11 | 11.7

Action                   |  1- 3 |  4- 6 |  7- 9 | 10-12 || total
-------------------------+-------+-------+-------+-------++-------
Melee: Hand axe          |    62 |   122 |   167 |       ||   351
       Headbutt          |    10 |    30 |    60 |    70 ||   170
       Punch             |       |     1 |     2 |     6 ||     9
       War axe           |       |       |   109 |   371 ||   480
       Kick              |       |       |       |     8 ||     8
 Fire: Hunting sling     |       |       |    19 |    98 ||   117
Throw: Stone             |       |       |     1 |       ||     1
Invok: Berserk           |     1 |     4 |     7 |    16 ||    28
       Brothers in Arms  |       |       |       |     2 ||     2
Evoke: Wand              |       |       |       |     5 ||     5
  Use: Scroll            |     6 |     8 |    10 |     2 ||    26
       Potion            |       |       |     2 |     2 ||     4
Armor: Animal skin       |     5 |       |       |       ||     5
       Chain mail        |    28 |    41 |   126 |   163 ||   358
Dodge: Dodged            |    42 |    48 |   132 |   224 ||   446

Table legend: (Time is in decaauts)
 A = Elapsed time spent in this place.
 B = Non-inter-level travel time spent in this place.
 C = Inter-level travel time spent in this place.
 D = Time resting spent in this place.
 E = Time spent auto-exploring this place.
 F = Levels seen in this place.
 G = Mean time per level.
                   A        B        C        D        E       F      G
               +--------+--------+--------+--------+--------+-----+--------+
         Total |  16608 |  16075 |    533 |   4875 |   8443 |  15 | 1107.2 |
       Dungeon |  14828 |  14295 |    533 |   4340 |   7628 |  13 | 1140.6 |
         Sewer |   1014 |   1014 |      0 |    280 |    502 |   1 | 1014.0 |
      Gauntlet |    764 |    764 |      0 |    255 |    313 |   1 |  764.0 |
               +--------+--------+--------+--------+--------+-----+--------+

Top non-repeatable levels by time:
    D:11: 2426 daAuts
    D:10: 2150 daAuts
     D:9: 1723 daAuts
    D:12: 1455 daAuts
     D:8: 1446 daAuts
     D:7: 1044 daAuts
   Sewer: 1014 daAuts
     D:2: 997 daAuts
     D:4: 802 daAuts
     D:6: 793 daAuts
Gauntlet: 764 daAuts
     D:1: 740 daAuts
     D:3: 732 daAuts
     D:5: 499 daAuts
    D:13: 16 daAuts
